 Dungeon Crawl Stone Soup version 0.30-a0-165-g1891117ce2 (webtiles) character file.

Game seed: 8329346596966893497

9418 qw the Cleaver (level 11, 0/69 HPs)
             Began as a Gargoyle Fighter on Sept 28, 2022.
             Was a High Priest of Okawaru.
             Slain by a six-headed hydra (2 damage)
             ... on level 2 of the Lair of Beasts.
             The game lasted 00:03:21 (9300 turns).

qw the Cleaver (Gargoyle Fighter)                   Turns: 9300, Time: 00:03:21

Health: 0/69       AC: 29    Str: 24    XL:     11   Next: 46%
Magic:  6/16       EV:  9    Int:  9    God:    Okawaru [*****.]
Gold:   427        SH:  6    Dex:  9    Spells: 10/10 levels left

rFire   + . .      SeeInvis .    s - +2 morningstar
rCold   + + .      Faith    .    c - +0 buckler
rNeg    + . .      Spirit   .    h - +0 plate armour
rPois   inf        Reflect  .    b - +0 helmet
rElec   +          Harm     .    (no cloak)
rCorr   .          Rampage  .    p - +1 pair of gloves
Will    ++...                    q - +0 pair of boots
Stlth   ..........               (no amulet)
HPRegen 0.21/turn                k - ring "Paotosk" {rF+ rC++ Will++}
MPRegen 0.15/turn                (no ring)

@: about to teleport, heroic, finesse-ful
A: sickness immunity, AC +8, negative energy resistance 1, electricity
resistance, torment resistance 1, petrification resistance
a: Renounce Religion, Heroism, Finesse, Duel


You were on level 2 of the Lair of Beasts.
You worshipped Okawaru.
Okawaru was extremely pleased with you.
You visited 3 branches of the dungeon, and saw 11 of its levels.

You collected 635 gold pieces.
You spent 208 gold pieces at shops.


Innate Abilities, Weirdness & Mutations

You are immune to sickness and miasma.
Your stone body is resilient. (AC +8)
You are immune to poison.
You resist negative energy. (rN+)
You are resistant to electric shocks. (rElec)
You are resistant to unholy torment.
You are immune to petrification.


   Skills:
 + Level 8.6(13.6) Fighting
 - Level 11.0(16.0) Axes
 - Level 3.2(8.2) Throwing
 - Level 8.0(13.0) Armour
 - Level 1.2(6.2) Dodging
 - Level 5.8(10.8) Shields
 + Level 6.8 Invocations


You had 10 spell levels left.
You didn't know any spells.
Your spell library was empty.

Inventory:

Hand Weapons
 a - the +6 war axe of Darkness {pain, rC++}
   (You took it off an orc on level 3 of the Dungeon)

   In the hands of one skilled in necromantic magic, it inflicts extra damage on
   living creatures.
   rC:        It greatly protects you from cold.
 s - a +2 morningstar (weapon)
Missiles
 m - 5 boomerangs (quivered)
 y - 5 javelins
Armour
 b - a +0 helmet (worn)
 c - a +0 buckler (worn)
 h - a +0 plate armour (worn)
 p - a +1 pair of gloves (worn)
 q - a +0 pair of boots (worn)
Jewellery
 k - the ring "Paotosk" (left hand) {rF+ rC++ Will++}
   (You found it on level 8 of the Dungeon)

   [ring of protection from fire]

   rF:        It protects you from fire.
   rC:        It greatly protects you from cold.
   Will:      It greatly increases your willpower.
 u - an amulet of reflection
 v - an amulet of magic regeneration
 x - a ring of protection from cold
Scrolls
 g - 2 scrolls of teleportation
 o - a scroll of identify
 w - a scroll of brand weapon
 z - a scroll of vulnerability {unknown}
Potions
 d - 4 potions of might
 e - 2 potions of mutation
 f - 4 potions of heal wounds
 i - 4 potions of haste
 j - a potion of resistance
 l - 2 potions of cancellation
 n - 3 potions of lignification
 r - a potion of curing
 t - 2 potions of attraction

Dungeon Overview and Level Annotations

Branches:
Dungeon (8/15)             Temple (1/1) D:7            Lair (2/5) D:8
  Swamp: Lair:2-3    Shoals: Lair:2-3     Snake: Lair:2-3    Spider: Lair:2-3

Altars:
Ashenzari
Cheibriados
Dithmenos
Elyvilon
Fedhas
Gozag
Hepliaklqana
Kikubaaqudgha
Makhleb
Nemelex Xobeh
Okawaru
Qazlal
Ru
Sif Muna
Trog
Uskayaw
Vehumet
Wu Jian
Xom
Yredelemnul
Zin
The Shining One

Shops:
D:5 !=[(   D:6 (

Annotations:
D:3 1 runed translucent door, qw's ghost, amateur GrFi
D:6 3 runed translucent doors, qw's ghost, novice GrFi
D:7 1 runed translucent door, qw's ghost, novice GrFi


Message History

The swamp worm fires a harpoon shot at you.
The harpoon shot misses you.
9298 ||| INVOKING Finesse.
You can now deal lightning-fast blows.
You block the komodo dragon's attack.
The seven-headed hydra bites you but does no damage.
The seven-headed hydra barely misses you.
The seven-headed hydra bites you but does no damage.
The seven-headed hydra bites you.
The seven-headed hydra bites you but does no damage. x3
The blink frog blinks!
The swamp worm fires a harpoon shot at you.
The harpoon shot hits you but does no damage.
9299 ||| Stepping ~*~*~tactically~*~*~ (outnumbered).
The six-headed hydra attacks as you move away!
The six-headed hydra bites you but does no damage. x3
You block the six-headed hydra's attack.
The six-headed hydra closely misses you.
The six-headed hydra bites you.
The komodo dragon attacks as you move away!
The komodo dragon bites you but does no damage.
The seven-headed hydra closely misses you.
The seven-headed hydra bites you.
The seven-headed hydra bites you but does no damage.
The seven-headed hydra barely misses you.
The seven-headed hydra bites you but does no damage. x3
9300 ||| READING 3 scrolls of teleportation.
As you read the scroll of teleportation, it crumbles to dust.
You feel strangely unstable.
The komodo dragon bites you but does no damage.
The seven-headed hydra bites you but does no damage.
The seven-headed hydra bites you.
The seven-headed hydra bites you but does no damage. x3
The seven-headed hydra barely misses you.
The seven-headed hydra bites you but does no damage.
The six-headed hydra bites you!
The six-headed hydra bites you but does no damage.
You block the six-headed hydra's attack.
The six-headed hydra bites you.
You die... 77.#####. .. 7..## ... 777¤

77..##... 77..¤
77...#....
7...7777...##....
...~~~~77..##..77
77~~~~~~~77<###.77
77~~~~~~~~7..###.7.
7.@D~w~~~~7........
...77Dl7777777......77
.......F.............7~
..............%......~~
....###..##.P#¤.....S~7
.... ##.#####.......~7
... ..# #........~ ..
#... #......... ....
#P¤........


You could see a seven-headed hydra, a six-headed hydra, a komodo dragon, a swamp
worm and a blink frog.

Vanquished Creatures
  A centaur warrior (D:8)
  A black mamba (Lair:1)
  Joseph (Lair:1)
  4 cane toads (Lair:1)
  An unseen horror zombie (D:8)
  2 komodo dragons (Lair:1)
  2 trolls (D:8)
  2 blink frogs (Lair:2)
  A shadow (D:8)
  14 yaks (Lair:1)
  A basilisk (Lair:1)
  A steam dragon (D:8)
  Eustachio (D:4)
  5 water moccasins
  3 ice beasts
  2 black bears
  3 ogres
  A gnoll sergeant (D:8)
  3 bullfrogs
  4 scorpions
  2 necrophages
  4 wights (D:7)
  3 howler monkeys
  4 hounds
  A gnoll bouda (D:6)
  A jelly (D:6)
  4 orc priests
  Ijyb (D:4)
  10 orc wizards
  An iguana (D:7)
  A killer bee zombie (D:8)
  Robin (D:4)
  3 gnolls (D:6)
  5 adders
  2 white imps (D:7)
  A worm (D:2)
  31 orcs
  9 endoplasms
  A giant cockroach (D:3)
  11 goblins
  7 hobgoblins
  2 jackals (D:1)
  3 kobolds
  A quokka (D:1)
  7 ball pythons
  2 bats
  2 frilled lizards (D:1)
  5 rats
178 creatures vanquished.

Vanquished Creatures (others)
  6 fungi
  3 plants
9 creatures vanquished.

Grand Total: 187 creatures vanquished

Notes
Turn   | Place    | Note
-------+----------+-------------------------------------------
     0 | D:1      | qw the Gargoyle Fighter began the quest for the Orb.
     0 | D:1      | Reached XP level 1. HP: 14/14 MP: 1/1
     0 | D:1      | 0 ||| qw: Version: 0.2-a-12-gaebbb33
     0 | D:1      | 0 ||| qw: Game counter: 868
     0 | D:1      | 0 ||| qw: Always use a shield: true
     0 | D:1      | 0 ||| qw: God list: Okawaru
     0 | D:1      | 0 ||| qw: Allow faded altars: false
     0 | D:1      | 0 ||| qw: Do Orc after D:15 true
     0 | D:1      | 0 ||| qw: Do second Lair branch before Depths: true
     0 | D:1      | 0 ||| qw: Lair rune preference: random
     0 | D:1      | 0 ||| qw: Plans: Normal, Zot:1-4, God:TSO, Crypt, Tomb,
                  | Pan, Slime:5, Hells, Abyss, Orb
     0 | D:1      | 0 ||| PLANNING D:1-11
    31 | D:1      | Reached skill level 2 in Axes
    39 | D:1      | 39 ||| Stepping ~*~*~tactically~*~*~ (stealth).
    44 | D:1      | 44 ||| Stepping ~*~*~tactically~*~*~ (stealth).
    85 | D:1      | Reached XP level 2. HP: 19/19 MP: 2/2
   287 | D:1      | 287 ||| Stepping ~*~*~tactically~*~*~ (stealth).
   511 | D:1      | 511 ||| READING scroll labelled MOUCZEBILA.
   512 | D:1      | 512 ||| READING scroll labelled ILOHAI KOFEACH.
   628 | D:2      | Reached skill level 3 in Axes
   741 | D:2      | Reached XP level 3. HP: 23/23 MP: 3/3
   783 | D:2      | 783 ||| Stepping ~*~*~tactically~*~*~ (stealth).
   785 | D:2      | 785 ||| Stepping ~*~*~tactically~*~*~ (stealth).
   918 | D:2      | 918 ||| Stepping ~*~*~tactically~*~*~ (stealth).
  1450 | D:2      | Reached XP level 4. HP: 28/28 MP: 4/4
  1550 | D:2      | 1550 ||| DROPPING +3 leather armour.
  1551 | D:2      | 1551 ||| READING scroll labelled HEON LYJAX YPH.
  1552 | D:2      | 1552 ||| READING scroll labelled UTSEIGRAMNA.
  1553 | D:2      | 1553 ||| READING scroll labelled AHENOWOITU.
  1554 | D:2      | 1554 ||| READING scroll labelled XEPRIDEXTI.
  1557 | D:2      | 1557 ||| READING scroll labelled BIONNOYMPY.
  1658 | D:2      | 1658 ||| DRINKING 3 black potions.
  1726 | D:3      | Found a shadowy altar of Dithmenos.
  1907 | D:3      | 1907 ||| DRINKING 2 potions of curing.
  1907 | D:3      | 1907 ||| (to cure confusion)
  1908 | D:3      | 1908 ||| Stepping ~*~*~tactically~*~*~ (hiding).
  1910 | D:3      | 1910 ||| Stepping ~*~*~tactically~*~*~ (hiding).
  1911 | D:3      | 1911 ||| Stepping ~*~*~tactically~*~*~ (hiding).
  1911 | D:3      | Identified the +6 war axe of Darkness {pain, rC++}
  1912 | D:3      | 1912 ||| Stepping ~*~*~tactically~*~*~ (stealth).
  1919 | D:3      | Reached skill level 4 in Axes
  1921 | D:3      | 1921 ||| DRINKING potion of curing.
  1921 | D:3      | 1921 ||| (to cure confusion)
  2000 | D:3      | 2000 ||| SWAPPING to +6 war axe of Darkness {pain, rC++}.
  2001 | D:3      | 2001 ||| DROPPING +0 club.
  2002 | D:3      | 2002 ||| DROPPING +0 war axe.
  2043 | D:3      | Reached XP level 5. HP: 32/32 MP: 5/5
  2048 | D:3      | 2048 ||| Stepping ~*~*~tactically~*~*~ (stealth).
  2049 | D:3      | 2049 ||| Stepping ~*~*~tactically~*~*~ (stealth).
  2050 | D:3      | 2050 ||| Stepping ~*~*~tactically~*~*~ (stealth).
  2087 | D:3      | Reached skill level 5 in Axes
  2088 | D:3      | 2088 ||| Stepping ~*~*~tactically~*~*~ (stealth).
  2089 | D:3      | 2089 ||| Stepping ~*~*~tactically~*~*~ (stealth).
  2090 | D:3      | 2090 ||| Stepping ~*~*~tactically~*~*~ (stealth).
  2091 | D:3      | 2091 ||| Stepping ~*~*~tactically~*~*~ (stealth).
  2167 | D:3      | 2167 ||| DROPPING +0 flail.
  2207 | D:3      | 2207 ||| DROPPING +1 flail of venom.
  2235 | D:3      | Found a faded altar of an unknown god.
  2242 | D:3      | Found a runed translucent door.
  2242 | D:3      | Noticed qw's ghost (amateur GrFi)
  2373 | D:3      | Found an opulent altar of Gozag.
  2445 | D:3      | 2445 ||| UPGRADING to +0 chain mail.
  2455 | D:3      | 2455 ||| DROPPING +0 scale mail.
  2456 | D:3      | 2456 ||| DRINKING 3 yellow potions.
  2651 | D:4      | Noticed an ogre
  2659 | D:4      | Killed an ogre
  2660 | D:4      | Reached XP level 6. HP: 30/39 MP: 6/6
  2767 | D:4      | 2767 ||| Stepping ~*~*~tactically~*~*~ (stealth).
  2768 | D:4      | 2768 ||| Stepping ~*~*~tactically~*~*~ (stealth).
  2805 | D:4      | Reached skill level 1 in Throwing
  2905 | D:4      | Noticed Eustachio
  2911 | D:4      | Killed Eustachio
  2912 | D:4      | Reached XP level 7. HP: 38/44 MP: 7/7
  2995 | D:4      | Found a radiant altar of Vehumet.
  2995 | D:4      | Found a broken altar of Ashenzari.
  3140 | D:4      | Noticed Robin
  3150 | D:4      | Killed Robin
  3151 | D:4      | Reached skill level 6 in Axes
  3151 | D:4      | 3151 ||| FLEEEEING.
  3152 | D:4      | 3152 ||| FLEEEEING.
  3153 | D:4      | 3153 ||| FLEEEEING.
  3154 | D:4      | 3154 ||| FLEEEEING.
  3155 | D:4      | 3155 ||| FLEEEEING.
  3156 | D:4      | 3156 ||| FLEEEEING.
  3157 | D:4      | 3157 ||| FLEEEEING.
  3158 | D:4      | 3158 ||| FLEEEEING.
  3159 | D:4      | 3159 ||| FLEEEEING.
  3160 | D:4      | 3160 ||| FLEEEEING.
  3161 | D:4      | 3161 ||| FLEEEEING.
  3164 | D:4      | 3164 ||| FLEEEEING.
  3165 | D:4      | 3165 ||| FLEEEEING.
  3166 | D:4      | 3166 ||| FLEEEEING.
  3167 | D:4      | 3167 ||| FLEEEEING.
  3169 | D:4      | 3169 ||| FLEEEEING.
  3170 | D:4      | 3170 ||| FLEEEEING.
  3171 | D:4      | 3171 ||| FLEEEEING.
  3172 | D:4      | 3172 ||| FLEEEEING.
  3175 | D:4      | 3175 ||| FLEEEEING.
  3176 | D:4      | 3176 ||| FLEEEEING.
  3177 | D:4      | 3177 ||| FLEEEEING.
  3178 | D:4      | 3178 ||| FLEEEEING.
  3179 | D:4      | 3179 ||| FLEEEEING.
  3180 | D:4      | 3180 ||| FLEEEEING.
  3181 | D:4      | 3181 ||| FLEEEEING.
  3183 | D:4      | 3183 ||| FLEEEEING.
  3184 | D:4      | 3184 ||| FLEEEEING.
  3185 | D:4      | 3185 ||| FLEEEEING.
  3186 | D:4      | 3186 ||| FLEEEEING.
  3187 | D:4      | 3187 ||| FLEEEEING.
  3430 | D:4      | Noticed Ijyb
  3439 | D:4      | Killed Ijyb
  3470 | D:4      | 3470 ||| UPGRADING to +0 helmet.
  3475 | D:4      | 3475 ||| DRINKING 2 gluggy clear potions.
  3576 | D:4      | 3576 ||| READING 2 scrolls of identify.
  3576 | D:4      | 3576 ||| IDENTIFYING fizzy amethyst potion
  3577 | D:4      | 3577 ||| DROPPING potion of ambrosia.
  3609 | D:5      | Entered Level 5 of the Dungeon
  3619 | D:5      | Found Bohin's Distillery.
  3628 | D:5      | 3628 ||| BUYING potion of cancellation (104 gold).
  3628 | D:5      | Bought a potion of cancellation for 104 gold pieces
  3628 | D:5      | 3628 ||| BUYING potion of heal wounds (65 gold).
  3628 | D:5      | Bought a potion of heal wounds for 65 gold pieces
  3628 | D:5      | 3628 ||| BUYING potion of lignification (39 gold).
  3628 | D:5      | Bought a potion of lignification for 39 gold pieces
  3628 | D:5      | 3628 ||| SHOPLISTING potion of might (52 gold, have 26).
  3628 | D:5      | 3628 ||| SHOPLISTING potion of mutation (104 gold, have
                  | 26).
  3633 | D:5      | 3633 ||| Stepping ~*~*~tactically~*~*~ (hiding).
  3641 | D:5      | Reached skill level 1 in Dodging
  3647 | D:5      | 3647 ||| Stepping ~*~*~tactically~*~*~ (stealth).
  3649 | D:5      | 3649 ||| Stepping ~*~*~tactically~*~*~ (stealth).
  3772 | D:5      | Reached skill level 7 in Axes
  3772 | D:5      | Reached XP level 8. HP: 47/48 MP: 8/8
  3927 | D:5      | Found Soidghuny's Antique Weapon Emporium.
  3988 | D:5      | Found Qojig's Antique Armour Shop.
  3993 | D:5      | 3993 ||| SHOPLISTING pair of boots (103 gold, have 26).
  3993 | D:5      | 3993 ||| SHOPLISTING runed scale mail (161 gold, have 26).
  4197 | D:5      | Reached skill level 8 in Axes
  4369 | D:5      | Found Pamy's Jewellery Boutique.
  4378 | D:5      | 4378 ||| SHOPLISTING +4 ring of evasion (504 gold, have
                  | 53).
  4378 | D:5      | 4378 ||| SHOPLISTING amulet of Departure {Reflect rElec rF+
                  | SH+5 SInv Stlth+} (812 gold, have 53).
  4378 | D:5      | 4378 ||| SHOPLISTING ring of ice (350 gold, have 53).
  4378 | D:5      | 4378 ||| SHOPLISTING ring of positive energy (280 gold,
                  | have 53).
  4378 | D:5      | 4378 ||| SHOPLISTING ring of the Hare {EV+8} (1792 gold,
                  | have 53).
  4706 | D:5      | 4706 ||| UPGRADING to +0 pair of gloves.
  4711 | D:5      | 4711 ||| UPGRADING to +0 pair of boots.
  4716 | D:5      | 4716 ||| READING scroll labelled DID QEOLOGI.
  4717 | D:5      | 4717 ||| READING scroll labelled ONYRAEPL TUNUO.
  4718 | D:5      | 4718 ||| DRINKING 2 pink potions.
  4913 | D:6      | Found Iskalom's Weapon Shoppe.
  4932 | D:6      | 4932 ||| Stepping ~*~*~tactically~*~*~ (hiding).
  4951 | D:6      | Reached skill level 6 in Fighting
  5435 | D:6      | Identified the +10 sling of Cheibriados's Outrage {freeze,
                  | Will- Str+9}
  5490 | D:6      | Found a runed translucent gate.
  5491 | D:6      | Found a runed translucent gate.
  5492 | D:6      | Noticed qw's ghost (novice GrFi)
  5494 | D:6      | Found a runed translucent gate.
  5670 | D:6      | Reached skill level 9 in Axes
  5670 | D:6      | Reached XP level 9. HP: 55/55 MP: 9/9
  5743 | D:6      | 5743 ||| READING scroll labelled ZIOMUI LULO.
  5744 | D:6      | 5744 ||| READING scroll labelled GAPHIU UTIWKUR.
  5745 | D:6      | 5745 ||| READING 4 scrolls of identify.
  5745 | D:6      | 5745 ||| IDENTIFYING sapphire potion
  5746 | D:6      | 5746 ||| READING 3 scrolls of identify.
  5746 | D:6      | 5746 ||| IDENTIFYING clear potion
  5747 | D:6      | 5747 ||| READING 2 scrolls of identify.
  5747 | D:6      | 5747 ||| IDENTIFYING fuming emerald potion
  5748 | D:6      | 5748 ||| DROPPING potion of degeneration.
  5749 | D:6      | 5749 ||| DROPPING potion of brilliance.
  5774 | D:7      | 5774 ||| Stepping ~*~*~tactically~*~*~ (stealth).
  5866 | D:7      | 5866 ||| FLEEEEING.
  5973 | D:7      | 5973 ||| DROPPING +0 morningstar.
  5976 | D:7      | 5976 ||| Stepping ~*~*~tactically~*~*~ (hiding).
  5977 | D:7      | 5977 ||| Stepping ~*~*~tactically~*~*~ (hiding).
  5979 | D:7      | 5979 ||| Stepping ~*~*~tactically~*~*~ (stealth).
  5984 | D:7      | 5984 ||| Stepping ~*~*~tactically~*~*~ (hiding).
  6117 | D:7      | Found a runed translucent door.
  6117 | D:7      | Found a shimmering altar of Xom.
  6117 | D:7      | Noticed a +1 short sword of chaos
  6117 | D:7      | Noticed qw's ghost (novice GrFi)
  6185 | D:7      | Found a sparkling altar of Nemelex Xobeh.
  6236 | D:7      | Found a staircase to the Ecumenical Temple.
  6238 | D:7      | 6238 ||| PLANNING TEMPLE
  6238 | D:7      | 6238 ||| UPGRADING to +0 plate armour.
  6248 | D:7      | 6248 ||| DROPPING +0 chain mail.
  6249 | D:7      | 6249 ||| READING scroll labelled EFUYRIV ZAPLOB.
  6250 | D:7      | 6250 ||| DRINKING 2 fuming black potions.
  6258 | Temple   | Entered the Ecumenical Temple
  6268 | Temple   | 6268 ||| PLANNING OKAWARU WORSHIP
  6347 | Temple   | Became a worshipper of Warmaster Okawaru
  6348 | Temple   | 6348 ||| PLANNING D:1-11
  6414 | D:7      | Reached skill level 6 in Armour
  6577 | D:7      | Found a blossoming altar of Fedhas.
  6635 | D:7      | 6635 ||| READING 2 scrolls of identify.
  6635 | D:7      | 6635 ||| IDENTIFYING puce potion
  6636 | D:7      | 6636 ||| DROPPING potion of berserk rage.
  6642 | D:8      | Identified the ring "Paotosk" {rF+ rC++ Will++}
  6787 | D:8      | Reached skill level 3 in Throwing
  6840 | D:8      | Found a basalt altar of Yredelemnul.
  6909 | D:8      | 6909 ||| FLEEEEING.
  6910 | D:8      | 6910 ||| FLEEEEING.
  6911 | D:8      | 6911 ||| FLEEEEING.
  6912 | D:8      | 6912 ||| FLEEEEING.
  6913 | D:8      | 6913 ||| FLEEEEING.
  6915 | D:8      | 6915 ||| STAIRDANCE
  6998 | D:7      | 6998 ||| UPGRADING to ring "Paotosk" {rF+ rC++ Will++}.
  7004 | D:8      | 7004 ||| STAIRDANCE
  7073 | D:8      | 7073 ||| Stepping ~*~*~tactically~*~*~ (stealth).
  7332 | D:8      | Reached * piety under Okawaru
  7345 | D:8      | Noticed a centaur warrior
  7347 | D:8      | 7347 ||| INVOKING Heroism.
  7352 | D:8      | Reached skill level 1 in Invocations
  7352 | D:8      | Noticed a troll
  7360 | D:8      | Killed a centaur warrior
  7360 | D:8      | Reached ** piety under Okawaru
  7361 | D:8      | Reached skill level 3 in Invocations
  7361 | D:8      | Reached XP level 10. HP: 43/63 MP: 8/12
  7362 | D:8      | 7362 ||| INVOKING Heroism.
  7369 | D:8      | Reached skill level 10 in Axes
  7530 | D:8      | 7530 ||| INVOKING Heroism.
  7635 | D:8      | Found a staircase to the Lair.
  7806 | D:8      | 7806 ||| PLANNING LAIR
  7806 | D:8      | 7806 ||| DROPPING ring of wizardry.
  7807 | D:8      | 7807 ||| DROPPING ring of flight.
  7834 | Lair:1   | Entered Level 1 of the Lair of Beasts
  7950 | Lair:1   | 7950 ||| Stepping ~*~*~tactically~*~*~ (stealth).
  7956 | Lair:1   | 7956 ||| Stepping ~*~*~tactically~*~*~ (stealth).
  7959 | Lair:1   | 7959 ||| INVOKING Heroism.
  7959 | Lair:1   | Noticed a black mamba
  7966 | Lair:1   | Reached *** piety under Okawaru
  7971 | Lair:1   | Killed a black mamba
  7974 | Lair:1   | Noticed a cane toad
  7981 | Lair:1   | 7981 ||| INVOKING Heroism.
  7985 | Lair:1   | Killed a cane toad
  8164 | Lair:1   | 8164 ||| DROPPING +1 war axe of draining.
  8188 | Lair:1   | Noticed Joseph
  8189 | Lair:1   | 8189 ||| Stepping ~*~*~tactically~*~*~ (hiding).
  8197 | Lair:1   | 8197 ||| INVOKING Heroism.
  8199 | Lair:1   | Killed Joseph
  8199 | Lair:1   | Reached **** piety under Okawaru
  8357 | Lair:1   | 8357 ||| READING scroll of enchant armour.
  8357 | Lair:1   | 8357 ||| ENCHANTING +0 pair of gloves.
  8359 | Lair:1   | 8359 ||| INVOKING Heroism.
  8368 | Lair:1   | Reached XP level 11. HP: 68/68 MP: 12/14
  8568 | Lair:1   | 8568 ||| Stepping ~*~*~tactically~*~*~ (stealth).
  8571 | Lair:1   | 8571 ||| INVOKING Heroism.
  8573 | Lair:1   | 8573 ||| Stepping ~*~*~tactically~*~*~ (hiding).
  8580 | Lair:1   | Reached skill level 11 in Axes
  8648 | Lair:1   | 8648 ||| INVOKING Heroism.
  8653 | Lair:1   | Reached ***** piety under Okawaru
  8706 | Lair:1   | 8706 ||| INVOKING Heroism.
  8713 | Lair:1   | Reached skill level 6 in Invocations
  9105 | Lair:1   | 9105 ||| READING scroll labelled VUXOPRO AVOINU.
  9106 | Lair:1   | 9106 ||| READING scroll labelled KAODWE OPNUECW.
  9266 | Lair:2   | 9266 ||| INVOKING Heroism.
  9270 | Lair:2   | Noticed a six-headed hydra
  9271 | Lair:2   | 9271 ||| INVOKING Finesse.
  9275 | Lair:2   | 9275 ||| SWAPPING to +2 morningstar.
  9277 | Lair:2   | 9277 ||| Stepping ~*~*~tactically~*~*~ (outnumbered).
  9280 | Lair:2   | 9280 ||| Stepping ~*~*~tactically~*~*~ (outnumbered).
  9282 | Lair:2   | 9282 ||| Stepping ~*~*~tactically~*~*~ (outnumbered).
  9284 | Lair:2   | 9284 ||| Stepping ~*~*~tactically~*~*~ (outnumbered).
  9285 | Lair:2   | 9285 ||| Stepping ~*~*~tactically~*~*~ (outnumbered).
  9290 | Lair:2   | 9290 ||| Stepping ~*~*~tactically~*~*~ (outnumbered).
  9292 | Lair:2   | 9292 ||| Stepping ~*~*~tactically~*~*~ (outnumbered).
  9293 | Lair:2   | 9293 ||| Stepping ~*~*~tactically~*~*~ (outnumbered).
  9294 | Lair:2   | 9294 ||| Stepping ~*~*~tactically~*~*~ (outnumbered).
  9295 | Lair:2   | 9295 ||| Stepping ~*~*~tactically~*~*~ (outnumbered).
  9296 | Lair:2   | 9296 ||| Stepping ~*~*~tactically~*~*~ (outnumbered).
  9296 | Lair:2   | Noticed a seven-headed hydra
  9297 | Lair:2   | 9297 ||| Stepping ~*~*~tactically~*~*~ (outnumbered).
  9298 | Lair:2   | 9298 ||| INVOKING Finesse.
  9299 | Lair:2   | 9299 ||| Stepping ~*~*~tactically~*~*~ (outnumbered).
  9299 | Lair:2   | HP: 15/69 [six-headed hydra (5)]
  9300 | Lair:2   | 9300 ||| READING 3 scrolls of teleportation.
  9300 | Lair:2   | HP: 2/69 [six-headed hydra (10)]
  9300 | Lair:2   | Slain by a six-headed hydra

Levels and vault maps discovered:
D:1:      mrwooster_arrival_statue_3, layout_rooms
D:2:      layout_basic
D:3:      layout_rooms, grunt_gozag_breadcrumbs,
          grunt_dithmenos_smoke_and_mirrors, gammafunk_ghost_grave,
          shapermc_ecumenical_altar_starsandcircs, serial_bayou_pond_d
D:4:      layout_basic, nicolae_overflow_two_pavilions, uniq_ijyb, uniq_robin,
          uniq_eustachio
D:5:      layout_gridville, serial_shops, nicolae_shop_statue_plus,
          nicolae_lakefront_shop, nicolae_shop_trees, nicolae_shop_hallway_plus,
          amcnicky_mini_rare_corridor_liquid
D:6:      layout_basic, gammafunk_ghost_nasty_kobolds, serial_shops, shop_statue
D:7:      layout_rooms, nicolae_overflow_crystal_walls, kennysheep_mini,
          minmay_temple_entry_drinking_statues, ebering_ghost_xom, dk_vineyard_2
D:8:      minmay_chambers_of_sixes, layout_basic,
          lemuel_zombie_altar_yredelemnul, lair_entry_dummy
Temple:   zaba_magenta_temple
Lair:1:   layout_loops_ring, minivault_26, grunt_megastairs_3, uniq_joseph
Lair:2:   layout_regular_city, palyth_hydra_swamp_entry, guppyfry_lair_drakes,
          serial_bayou_shore_b

Skill      XL: |  1  2  3  4  5  6  7  8  9 10 11 |
---------------+----------------------------------+-----
Axes           | 2 3 4 5 7 9 10 11 | 11.0
Fighting       | 4 6 7 8 |  8.6
Throwing       | 1 3 |  3.2
Dodging        | 1 |  1.2
Armour         | 4 6 7 8 |  8.0
Shields        | 4 5 |  5.8
Invocations    | 3 4 6 |  6.8

Action                   |  1- 3 |  4- 6 |  7- 9 | 10-12 || total
-------------------------+-------+-------+-------+-------++-------
Melee: War axe           |    93 |    70 |   238 |   118 ||   519
       Morningstar       |       |       |       |    10 ||    10
Throw: Boomerang         |       |     1 |    17 |     3 ||    21
       Javelin           |       |       |     2 |    20 ||    22
Invok: Heroism           |       |       |     1 |    10 ||    11
       Finesse           |       |       |       |     2 ||     2
  Use: Scroll            |     2 |     5 |    10 |     4 ||    21
       Potion            |       |     4 |     3 |       ||     7
Armor: Scale mail        |    31 |    33 |       |       ||    64
       Chain mail        |       |     7 |   100 |       ||   107
       Plate armour      |       |       |    46 |   102 ||   148
Dodge: Dodged            |    48 |    20 |    79 |    59 ||   206
Block: Buckler           |    12 |    14 |    38 |    35 ||    99

Table legend:
 A = Non-vault XP
 B = Vault XP
 C = Vault XP percentage of total XP
 D = Non-vault monster count
 E = Vault monster count
 F = Vault count percentage of total count
                 A         B        C        D         E       F
            +---------+---------+-------+---------+---------+-------
      Total |   10113 |    3342 |  24.8 |     156 |      22 |  12.4
            +---------+---------+-------+---------+---------+-------
        D:1 |      25 |       0 |   0.0 |      15 |       0 |   0.0
        D:2 |      58 |       0 |   0.0 |      19 |       0 |   0.0
        D:3 |     174 |       0 |   0.0 |      18 |       0 |   0.0
        D:4 |     220 |     246 |  52.8 |       9 |      10 |  52.6
        D:5 |    1127 |       0 |   0.0 |      24 |       0 |   0.0
        D:6 |     605 |       0 |   0.0 |      13 |       0 |   0.0
        D:7 |     920 |       0 |   0.0 |      26 |       0 |   0.0
        D:8 |     433 |    2160 |  83.3 |       6 |       8 |  57.1
     Lair:1 |    6033 |     785 |  11.5 |      24 |       3 |  11.1
     Lair:2 |     518 |     151 |  22.6 |       2 |       1 |  33.3
            +---------+---------+-------+---------+---------+-------
